 Dungeon Sprint DCSS version 0.30.1-11-g7821555f0a (webtiles) character file.

Game seed: 4232402987617061543

302 Groucho the Thaumaturge (level 6, -5/40 HPs)
             Began as a Djinni Fire Elementalist on Dec 17, 2023.
             Was a Believer of Dithmenos.
             Slain by a flying skull (12 damage)
             ... in the Dungeon (Sprint VII: "The Pits").
             The game lasted 00:04:32 (906 turns).

Groucho the Thaumaturge (Djinni Fire Elementalist)   Turns: 906, Time: 00:04:32

Health: -5/40      AC:  2    Str:  7    XL:     6   Next: 65%
Gold:   0          EV: 12    Int: 19    God:    Dithmenos [**....] SH:  0 Dex: 13

rFire   + + .        g - +2 dagger
rCold   x . .        (no shield)
rNeg    . . .        a - +0 robe
rPois   ∞            (no helmet)
rElec   .            (no cloak)
rCorr   .            (no gloves)
SInv    .            (boots unavailable)
Will    .....        (no amulet)
Stlth   ++++         (no ring)
HPRegen 0.26/turn    (no ring)
MPRegen 0.00/turn

%: no teleportation, infuse magic (-6 HP)
@: flying, wreathed by umbra
A: sickness immunity, fire resistance 2, cold vulnerability 1, float, innate
caster, HP casting, extra vitality 1
a: Renounce Religion, Shadow Step


You were in the Dungeon.
You worshipped Dithmenos.
Dithmenos was pleased with you.
You visited 1 branch

Inventory:

Hand Weapons
 g - a +2 dagger (weapon)
 k - a +2 dagger of draining
Armour
 a - a +0 robe (worn)
 c - a +3 scale mail
Potions
 b - 6 potions of curing
 d - a potion of haste
 e - 3 potions of berserk rage
 h - 2 potions of invisibility
 j - a potion of heal wounds


   Skills:
 + Level 4.3 Short Blades
 + Level 2.6 Armour
 - Level 2.1 Dodging
 + Level 4.8 Stealth
 + Level 8.4 Spellcasting


You knew the following spells:

 Your Spells              Type           Power      Damage    Failure   Level
a - Foxfire               Conj/Fire      100%       2x1d9     1%          1
b - Scorch                Fire           78%        2d8       1%          2
c - Volatile Blastmotes   Fire/Tloc      78%        2d16      1%          3
d - Inner Flame           Hex/Fire       39%        N/A       1%          3
e - Flame Wave            Conj/Fire      39%        2d11      2%          4
f - Magic Dart            Conj           100%       1d8       1%          1
g - Ensorcelled Hibernat  Hex/Ice        78%        N/A       1%          2
Your spell library was empty.

Dungeon Overview and Level Annotations

Branches:
Dungeon (1/1)

Altars:
Ashenzari
Cheibriados
Dithmenos
Elyvilon
Fedhas
Gozag
Hepliaklqana
Makhleb
Nemelex Xobeh
Okawaru
Qazlal
Ru
Trog
Uskayaw
Wu Jian
Xom
Yredelemnul
Zin
The Shining One
Jiyva
Lugonu

Annotations:
D Edmund


Innate Abilities, Weirdness & Mutations

You are immune to sickness and miasma.
You are immune to poison.
Your flesh is very heat resistant. (rF++)
You are vulnerable to cold. (rC-)
You float through the air rather than walking.
You learn spells naturally, not from books.
Your magical power is your life essence.
You have superior vitality. (+4 MHP)


Message History

The black bear completely misses you.
Unknown command.
You feel much better. The flying skull closely misses you.
Edmund barely misses you. The black bear bites you. The black bear misses you.
The black bear barely misses you.
Unknown command.
Unknown command.
Unknown command.
What are your orders? t - Shout!
Orders for allies: a - Attack new target. r - Retreat! s - Stop attacking. g - Guard the area. f - Follow me.
Anything else - Cancel.
Okay, then.
What are your orders? t - Shout!
Orders for allies: a - Attack new target. r - Retreat! s - Stop attacking. g - Guard the area. f - Follow me.
Anything else - Cancel.
Retreat in which direction?
Press: ? - help, Dir - move target, f - you
Okay, then.
Okay, then.
As you read the scroll of summoning, it crumbles to dust.
Wisps of shadow whirl around you... The flying skull hits you!
The black bear closely misses you. The black bear barely misses you.
The black bear claws you. Edmund barely misses you.
Unknown command.
Unknown command.
You hit the flying skull but do no damage.
The flying skull hits you!
* * * LOW HITPOINT WARNING * * *
Unknown command.
Unknown command.
Unknown command.
You hit the flying skull but do no damage.
Your punch misses the flying skull. The flying skull hits you!
You die...

#.#.....#.)#####'##
#.###'###))##......
#.#.....#))##......
#.#.....#.[##......
#.####†##'###...<..
#§#........##......
#.#†......†##......
#'###########......
#h@zx...# #######
#@###...# #Z# .#
#.# #.....# #...###
#..... #######


You could see Edmund, a black bear, a flying skull (ally target), a jackal
skeleton and a friendly small abomination (summoned).

Vanquished Creatures
  A floating eye (D)
  An ice beast (D)
  A black bear (D)
  2 ufetubi (D)
  An adder skeleton (D)
  2 giant cockroaches (D)
  A hobgoblin (D)
  A quokka (D)
  A frilled lizard (D)
11 creatures vanquished.

Vanquished Creatures (others)
  36 foxfires (D)
36 creatures vanquished.

Grand Total: 47 creatures vanquished

Notes
Turn   | Place    | Note
-------+----------+-------------------------------------------
     0 | D        | Groucho the Djinni Fire Elementalist began the quest for
                  | the Orb.
     0 | D        | Groucho set off with the following spells memorised:
                  | Foxfire, Scorch, Volatile Blastmotes, Inner Flame, Flame
                  | Wave.
     0 | D        | Reached XP level 1. HP: 15/15 MP: 0/0
    15 | D        | Reached skill level 3 in Spellcasting
    47 | D        | Found a bloodstained altar of Trog.
    47 | D        | Found a viscous altar of Jiyva.
    47 | D        | Found a hazy altar of Hepliaklqana.
    47 | D        | Found an opulent altar of Gozag.
    48 | D        | Found a glowing golden altar of the Shining One.
    48 | D        | Found a glowing silver altar of Zin.
    48 | D        | Found a basalt altar of Yredelemnul.
    48 | D        | Found a shimmering altar of Xom.
    48 | D        | Found an ornate altar of the Wu Jian Council.
    48 | D        | Found a sacrificial altar of Ru.
    48 | D        | Found a stormy altar of Qazlal.
    48 | D        | Found an iron altar of Okawaru.
    48 | D        | Found a sparkling altar of Nemelex Xobeh.
    48 | D        | Found a burning altar of Makhleb.
    48 | D        | Found a blossoming altar of Fedhas.
    48 | D        | Found a white marble altar of Elyvilon.
    48 | D        | Found a shadowy altar of Dithmenos.
    48 | D        | Found a snail-covered altar of Cheibriados.
    50 | D        | Found a corrupted altar of Lugonu.
    51 | D        | Found a hide-covered altar of Uskayaw.
    51 | D        | Found a broken altar of Ashenzari.
    58 | D        | Became a worshipper of Dithmenos the Shadowed
    83 | D        | Reached XP level 2. HP: 5/21 MP: 0/0
   424 | D        | Reached * piety under Dithmenos
   425 | D        | Reached skill level 4 in Spellcasting
   439 | D        | Noticed a black bear
   450 | D        | Killed a black bear
   450 | D        | Reached ** piety under Dithmenos
   451 | D        | Reached skill level 7 in Spellcasting
   451 | D        | Reached XP level 3. HP: 24/25 MP: 0/0
   451 | D        | Learned a level 1 spell: Magic Dart
   451 | D        | Reached XP level 4. HP: 30/31 MP: 0/0
   451 | D        | Reached XP level 5. HP: 34/35 MP: 0/0
   451 | D        | Learned a level 2 spell: Ensorcelled Hibernation
   451 | D        | Noticed a floating eye
   457 | D        | Paralysed by a floating eye for 4 turns
   462 | D        | Killed a floating eye
   463 | D        | Reached skill level 8 in Spellcasting
   463 | D        | Reached XP level 6. HP: 40/40 MP: 0/0
   522 | D        | Noticed an ice beast
   522 | D        | Noticed Edmund
   548 | D        | Killed an ice beast
   888 | D        | Noticed a flying skull
   888 | D        | Noticed a black bear
   906 | D        | Slain by a flying skull

Illustrated notes

Levels and vault maps discovered:
D:        pitsprint [storerooms_1, entrance_room_1, metal_vault_1, armoury_2,
          mini_pit_1, grid_room_1, main_hall_1, silver_pit, the_coven_1,
          the_vestibule_1, steel_vault_5, golden_pit, hallway_of_sentries,
          crystal_vault_3, iron_vault_2, final_vault]

Skill      XL: |  1  2  3  4  5  6 |
---------------+-------------------+-----
Spellcasting   | 3 7 8 |  8.4
Short Blades   | 3 4 |  4.3
Stealth        | 4 |  4.8
Armour         | 2 |  2.6
Dodging        | |  2.1

Action                     |  1- 3 |  4- 6 || total
---------------------------+-------+-------++-------
  Melee: Dagger            |       |     4 ||     4
   Cast: Foxfire           |    14 |     9 ||    23
         Scorch            |       |     4 ||     4
         Magic Dart        |       |     1 ||     1
         Flame Wave        |       |     1 ||     1
         Volatile Blastmot |       |     1 ||     1
    Use: Potion            |     1 |     4 ||     5
         Scroll            |       |     2 ||     2
   Stab: Sleeping          |       |     1 ||     1
 Armour: Robe              |     4 |     4 ||     8
  Dodge: Dodged            |    19 |    21 ||    40
